 Dungeon Crawl Stone Soup version 0.29.0-4-gdea44cf6ec (webtiles) character file.

Game seed: 18269020357907883937

631 qw the Chopper (level 7, -4/43 HPs)
             Began as a Gargoyle Delver on Sept 10, 2022.
             Was an Initiate of Okawaru.
             Slain by Edmund
             ... wielding a +2 dire flail of protection
              (8 damage)
             ... on level 4 of the Dungeon.
             The game lasted 00:01:57 (4638 turns).

qw the Chopper (Gargoyle Delver)                    Turns: 4638, Time: 00:01:58

Health: -4/43      AC: 10    Str: 18    XL:     7   Next: 48%
Magic:  7/7        EV: 11    Int: 10    God:    Okawaru [......]
Gold:   164        SH:  0    Dex: 11    Spells: 6/6 levels left

rFire   . . .      SeeInvis .   d - +0 broad axe
rCold   . . .      Faith    .   (no shield)
rNeg    + . .      Spirit   .   a - +0 ring mail
rPois   inf        Reflect  .   (no helmet)
rElec   +          Harm     .   (no cloak)
rCorr   .          Rampage  .   (no gloves)
Will    .....                   (no boots)
Stlth   ++........              (no amulet)
HPRegen 0.14/turn               (no ring)
MPRegen 0.10/turn               (no ring)

@: no status effects
A: sickness immunity, AC +4, negative energy resistance 1, electricity
resistance, torment resistance 1, petrification resistance
a: Renounce Religion


You were on level 4 of the Dungeon.
You worshipped Okawaru.
Okawaru was noncommittal.
You visited 1 branch of the dungeon, and saw 5 of its levels.
You also visited: Sewer.

You collected 164 gold pieces.


Innate Abilities, Weirdness & Mutations

You are immune to sickness and miasma.
Your stone body is resilient. (AC +4)
You are immune to poison.
You resist negative energy. (rN+)
You are resistant to electric shocks. (rElec)
You are resistant to unholy torment.
You are immune to petrification.


   Skills:
 + Level 4.0 Fighting
 - Level 7.0 Axes
 - Level 1.0 Armour
 - Level 1.5 Dodging
 - Level 5.4 Stealth


You had 6 spell levels left.
You didn't know any spells.
Your spell library was empty.

Inventory:

Hand Weapons
 d - a +0 broad axe (weapon)
 h - a +0 flail
Armour
 a - a +0 ring mail (worn)
 b - a +2 chain mail of cold resistance
Wands
 g - a wand of digging (3)
Scrolls
 i - a scroll of identify
Potions
 c - a potion of mutation {unknown}
 e - a potion of heal wounds {unknown}
 f - 4 potions of haste

Dungeon Overview and Level Annotations

Branches:
Dungeon (5/15)              Sewer (visited)
 Temple: D:4-7

Altars:
Elyvilon
Okawaru
Ru
Sif Muna
Trog
Vehumet
Wu Jian
Xom
Zin

Shops:
D:4 (:=   D:5 (

Annotations:
D:4 Edmund, Sigmund


Message History

Edmund is heavily wounded.
Edmund hits you but does no damage.
You barely miss Edmund. Your punch misses Edmund.
Edmund is heavily wounded.
Edmund barely misses you.
You hit Edmund but do no damage. You punch Edmund, but do no damage.
Edmund is heavily wounded.
Edmund barely misses you.
You closely miss Edmund.
Edmund is heavily wounded.
Edmund hits you with a +2 dire flail of protection. x2
You barely miss Edmund.
Edmund is heavily wounded.
Edmund hits you with a +2 dire flail of protection!
You closely miss Edmund. You punch Edmund.
Edmund is heavily wounded.
You hit the dart slug. Edmund barely misses you.
The dart slug barely misses you.
You hit the dart slug.
You kill the dart slug!
Okawaru accepts your kill.
You barely miss Edmund. Edmund hits you but does no damage.
You closely miss Edmund.
Edmund is heavily wounded.
Edmund hits you with a +2 dire flail of protection.
Edmund misses you.
You barely miss Edmund.
Edmund is heavily wounded.
Edmund misses you.
You hit Edmund but do no damage.
Edmund is heavily wounded.
Edmund barely misses you.
You hit Edmund.
Edmund is heavily wounded.
Edmund hits you with a +2 dire flail of protection!
You slash Edmund!
Edmund is almost dead.
Edmund hits you with a +2 dire flail of protection!
You die...

... .# #.
7.7 7.w .o
#. .\. \..
o. #..7.7
7.7 .
#.....\.. #
#..7.7.7.7.#
#..........#
#..)@##..#
####@...#
#.#### #.#
#.# #.# #.#
#.# #.# ####
#.# #_..


You could see Edmund.

Vanquished Creatures
  An ogre (D:4)
  2 kobold brigands (Sewer)
  A phantom (D:4)
  A scorpion (D:4)
  Natasha (thrice) (D:4)
  An orc wizard (D:4)
  5 adders
  2 river rats (Sewer)
  3 worms
  2 dart slugs
  6 orcs (D:4)
  8 endoplasms
  5 giant cockroaches
  3 goblins
  7 hobgoblins
  3 jackals (Sewer)
  10 kobolds
  2 quokkas
  8 ball pythons
  9 bats
  5 frilled lizards
  13 rats
100 creatures vanquished.

Vanquished Creatures (others)
  14 plants (Sewer)
14 creatures vanquished.

Grand Total: 114 creatures vanquished

Notes
Turn   | Place    | Note
-------+----------+-------------------------------------------
     0 | D:5      | qw the Gargoyle Delver began the quest for the Orb.
     0 | D:5      | Reached XP level 1. HP: 14/14 MP: 1/1
     0 | D:5      | 0 ||| qw: Version: 0.1-a-117-gfe26ee0
     0 | D:5      | 0 ||| qw: Game counter: 9850
     0 | D:5      | 0 ||| qw: Always use a shield: true
     0 | D:5      | 0 ||| qw: God list: Okawaru
     0 | D:5      | 0 ||| qw: Allow faded altars: false
     0 | D:5      | 0 ||| qw: Do Orc after D:15 true
     0 | D:5      | 0 ||| qw: Do second Lair branch before Depths: true
     0 | D:5      | 0 ||| qw: Lair rune preference: random
     0 | D:5      | 0 ||| qw: Plans: Normal
     0 | D:5      | 0 ||| PLANNING D:1-11
    13 | D:5      | Found Sated's Weapon Emporium.
    16 | D:5      | 16 ||| DROPPING scroll of fog.
    17 | D:5      | 17 ||| DROPPING scroll of magic mapping.
    18 | D:5      | 18 ||| DROPPING scroll of fear.
    40 | D:4      | 40 ||| READING scroll labelled RYNAUZ SOOFAM.
    54 | D:4      | Found a radiant altar of Vehumet.
    73 | D:4      | Reached skill level 2 in Axes
   123 | D:4      | Noticed Natasha
   137 | D:4      | Noticed a crimson imp
   139 | D:4      | Killed Natasha
   140 | D:4      | Reached skill level 3 in Axes
   140 | D:4      | Reached XP level 2. HP: 13/19 MP: 2/2
   140 | D:4      | Reached XP level 3. HP: 16/23 MP: 3/3
   241 | D:4      | 241 ||| UPGRADING to +0 ring mail.
   251 | D:4      | 251 ||| DROPPING +0 leather armour.
   273 | D:3      | 273 ||| PLANNING SEWER
   590 | D:3      | Identified the +4 war axe of Xupaim {vorpal, rCorr Int+5}
   592 | D:3      | 592 ||| SWAPPING to +4 war axe of Xupaim {vorpal, rCorr
                  | Int+5}.
   593 | D:3      | 593 ||| DROPPING +0 hand axe.
   698 | D:3      | Found an ornate altar of the Wu Jian Council.
   779 | D:3      | Found a glowing drain.
   791 | Sewer    | Entered a sewer
   813 | Sewer    | 813 ||| Stepping ~*~*~tactically~*~*~ (water).
   836 | Sewer    | Noticed a kobold brigand
   842 | Sewer    | Killed a kobold brigand
   843 | Sewer    | Reached skill level 4 in Axes
   843 | Sewer    | Reached XP level 4. HP: 25/28 MP: 4/4
   843 | Sewer    | Reached XP level 5. HP: 29/32 MP: 5/5
   893 | Sewer    | 893 ||| Stepping ~*~*~tactically~*~*~ (water).
   928 | Sewer    | Reached skill level 1 in Armour
  1068 | Sewer    | 1068 ||| Stepping ~*~*~tactically~*~*~ (stealth).
  1131 | Sewer    | Noticed a kobold brigand
  1145 | Sewer    | HP: 8/32 [kobold brigand/+0 dagger (7)]
  1149 | Sewer    | Killed a kobold brigand
  1150 | Sewer    | Reached skill level 5 in Axes
  1155 | Sewer    | Reached XP level 6. HP: 7/37 MP: 6/6
  1170 | Sewer    | HP: 6/37 [ball python (3)]
  1174 | Sewer    | 1174 ||| Stepping ~*~*~tactically~*~*~ (water).
  1176 | Sewer    | HP: 3/37 [adder (2)]
  1820 | Sewer    | 1820 ||| READING scroll labelled BEKHLE IRCHACK.
  1821 | Sewer    | 1821 ||| READING scroll labelled HUGYCR QEGUTRO.
  1826 | D:3      | 1826 ||| PLANNING D:1-11
  2116 | D:1      | 2116 ||| Stepping ~*~*~tactically~*~*~ (stealth).
  2128 | D:1      | 2128 ||| Stepping ~*~*~tactically~*~*~ (stealth).
  2130 | D:1      | 2130 ||| Stepping ~*~*~tactically~*~*~ (stealth).
  2585 | D:1      | 2585 ||| READING scroll labelled QALILA EBUYKOOM.
  2686 | D:1      | 2686 ||| READING scroll labelled UQUSSUOMAS.
  2687 | D:1      | 2687 ||| READING scroll labelled LEMEWA KEVVIO.
  2727 | D:2      | Found a faded altar of an unknown god.
  2825 | D:2      | Found a shimmering altar of Xom.
  2955 | D:2      | 2955 ||| Stepping ~*~*~tactically~*~*~ (stealth).
  2958 | D:2      | 2958 ||| Stepping ~*~*~tactically~*~*~ (stealth).
  3378 | D:2      | 3378 ||| DROPPING amulet of magic regeneration.
  3379 | D:2      | 3379 ||| READING scroll labelled ATULUDGH PUONUXUICU.
  3495 | D:3      | Found a white marble altar of Elyvilon.
  3504 | D:3      | Found an iron altar of Okawaru.
  3505 | D:3      | 3505 ||| SWAPPING to +0 broad axe.
  3506 | D:3      | 3506 ||| DROPPING +4 war axe of Xupaim {vorpal, rCorr
                  | Int+5}.
  3509 | D:3      | Found a shimmering blue altar of Sif Muna.
  3509 | D:3      | Found a sacrificial altar of Ru.
  3526 | D:3      | Found a bloodstained altar of Trog.
  3778 | D:3      | Became a worshipper of Warmaster Okawaru
  3827 | D:4      | 3827 ||| Stepping ~*~*~tactically~*~*~ (stealth).
  3828 | D:4      | 3828 ||| Stepping ~*~*~tactically~*~*~ (stealth).
  3830 | D:4      | 3830 ||| Stepping ~*~*~tactically~*~*~ (stealth).
  3835 | D:4      | 3835 ||| Stepping ~*~*~tactically~*~*~ (stealth).
  3839 | D:4      | 3839 ||| DROPPING +0 whip.
  3841 | D:4      | 3841 ||| Stepping ~*~*~tactically~*~*~ (stealth).
  3850 | D:4      | Reached skill level 6 in Axes
  3850 | D:4      | 3850 ||| FLEEEEING.
  3854 | D:4      | 3854 ||| STAIRDANCE
  3900 | D:4      | Noticed Natasha
  3902 | D:4      | 3902 ||| Stepping ~*~*~tactically~*~*~ (stealth).
  3907 | D:4      | Killed Natasha
  3922 | D:4      | Found a glowing silver altar of Zin.
  3923 | D:4      | Noticed an angel
  3926 | D:4      | Noticed Natasha
  3936 | D:4      | Killed Natasha
  3937 | D:4      | Reached XP level 7. HP: 14/43 MP: 7/7
  3965 | D:4      | 3965 ||| Stepping ~*~*~tactically~*~*~ (stealth).
  4264 | D:4      | 4264 ||| Stepping ~*~*~tactically~*~*~ (stealth).
  4271 | D:4      | Reached skill level 7 in Axes
  4277 | D:4      | 4277 ||| Stepping ~*~*~tactically~*~*~ (stealth).
  4281 | D:4      | Noticed Sigmund
  4312 | D:4      | HP: 9/43 [something (2)]
  4316 | D:4      | HP: 1/43 [Sigmund/+0 scythe (5)]
  4317 | D:4      | 4317 ||| READING scroll of teleportation.
  4613 | D:4      | Found Siranits's Antique Weapon Shop.
  4614 | D:4      | Found Tici's Book Shop.
  4614 | D:4      | Found Wocejut's Jewellery Shop.
  4614 | D:4      | Noticed Edmund
  4618 | D:4      | 4618 ||| Stepping ~*~*~tactically~*~*~ (stealth).
  4637 | D:4      | HP: 4/43 [Edmund/+2 dire flail of protection (11)]
  4638 | D:4      | Slain by Edmund

Levels and vault maps discovered:
D:1:      nzn_arrival_depleted_hourglass, layout_basic
D:2:      layout_loops_ring, basic_altar, basic_ecumenical_altar
D:3:      layout_loops_ring, nicolae_wu_jian_immortal_techniques,
          nicolae_overflow_hallway_of_the_gods, serial_rivers,
          chequers_serial_rivers_micro_e, chequers_serial_rivers_micro_b,
          chequers_serial_rivers_room_a, chequers_serial_rivers_room_a,
          chequers_serial_rivers_small_a, gup_sewer_entry_bubbles,
          nrook_mini_backslash
D:4:      layout_loops_ring, zin_angel, mainiacjoe_overflow_cross_hatched,
          minmay_shop_grid_forest, uniq_sigmund, uniq_natasha, uniq_duvessa,
          uniq_edmund
D:5:      layout_loops_ring, nicolae_kikubaaqudgha_miasma_corner,
          mainiacjoe_overflow_chevrons, ebering_ghost_rock_garden, serial_shops,
          nicolae_square_shop, fountainhead

Skill      XL: |  1  2  3  4  5  6  7 |
---------------+----------------------+-----
Axes           | 3 4 5 6 7 |  7.0
Armour         | 1 |  1.0
Fighting       | 4 |  4.0
Dodging        | |  1.5
Stealth        | |  5.4

Action                   |  1- 3 |  4- 6 |  7- 9 || total
-------------------------+-------+-------+-------++-------
Melee: Hand axe          |    48 |       |       ||    48
       War axe           |    27 |   126 |       ||   153
       Punch             |     1 |     1 |     2 ||     4
       Broad axe         |       |    33 |    72 ||   105
  Use: Scroll            |     1 |     6 |     1 ||     8
 Stab: Sleeping          |     1 |     1 |       ||     2
Armor: Leather armour    |     5 |       |       ||     5
       Ring mail         |    32 |    59 |    33 ||   124
Dodge: Dodged            |    36 |    70 |    28 ||   134

Table legend:
 A = Non-vault XP
 B = Vault XP
 C = Vault XP percentage of total XP
 D = Non-vault monster count
 E = Vault monster count
 F = Vault count percentage of total count
                 A         B        C        D         E       F
            +---------+---------+-------+---------+---------+-------
      Total |     569 |     333 |  36.9 |      71 |      29 |  29.0
            +---------+---------+-------+---------+---------+-------
        D:1 |      27 |       0 |   0.0 |      18 |       0 |   0.0
        D:2 |      67 |       0 |   0.0 |      22 |       0 |   0.0
        D:3 |      20 |      14 |  41.2 |      12 |       5 |  29.4
        D:4 |     455 |      35 |   7.1 |      19 |       1 |   5.0
      Sewer |       0 |     284 | 100.0 |       0 |      23 | 100.0
            +---------+---------+-------+---------+---------+-------
